 Dungeon Crawl Stone Soup version 0.25-a0-743-g84dc20635f (webtiles) character file.

Game seed: 14412534550157417832, levelgen mode: deterministic

2422 Maedhros the Covert (level 9, 0/58 HPs)
             Began as an Octopode Artificer on Apr 13, 2020.
             Was an Elder of Cheibriados.
             Slain by a hornet (20 damage)
             ... on level 8 of the Dungeon.
             The game lasted 00:20:56 (3776 turns).

Maedhros the Covert (Octopode Artificer)            Turns: 3776, Time: 00:20:56

Health: 0/58       AC:  1    Str: 22    XL:     9   Next: 48%
Magic:  11/11      EV: 17    Int: 22    God:    Cheibriados [****..]
Gold:   373        SH:  0    Dex: 30    Spells: 8/8 levels left

rFire    + . .     SeeInvis .     - Unarmed
rCold    . . .     Gourm    .   (no shield)
rNeg     . . .     Faith    .   (helmet restricted)
rPois    +         Spirit   .   A - amulet of harm
rElec    .         Reflect  .   a - ring of stealth
rCorr    .         Harm     +   t - ring of protection from fire
MR       .....                  o - ring of poison resistance
Stlth    +++++++...             c - +3 ring of slaying
HPRegen  0.19/turn              g - +5 ring of dexterity
MPRegen  0.12/turn              h - +2 ring of strength
                                (no ring)
                                (no ring)

@: slowed, very slow
A: almost no armour, stealthy swim, amphibious, 8 rings, constrict 8, camouflage
1, gelatinous body 1
a: Bend Time, Temporal Distortion, Slouch, Renounce Religion


You were on level 8 of the Dungeon.
You worshipped Cheibriados.
Cheibriados was greatly pleased with you.
You were not hungry.

You visited 1 branch of the dungeon, and saw 8 of its levels.

You collected 373 gold pieces.

Inventory:

Hand Weapons
 b - a cursed +5 trident
 k - a +0 hunting sling
 w - a +3 dagger of venom
Missiles
 l - 42 sling bullets
 s - 27 poisoned darts (quivered)
 C - 5 javelins
Jewellery
 a - a ring of stealth (left tentacle)
 c - a +3 ring of slaying (on tentacle)
 g - a +5 ring of dexterity (on tentacle)
 h - a +2 ring of strength (on tentacle)
 o - a ring of poison resistance (on tentacle)
 t - a ring of protection from fire (right tentacle)
 A - an amulet of harm (around mantle)
Wands
 x - a wand of digging (5)
 z - a wand of clouds (3)
Scrolls
 d - a scroll of amnesia
 e - a scroll of enchant weapon
 i - 2 scrolls of teleportation
 u - 2 scrolls of identify
 y - a scroll of magic mapping
Potions
 m - a potion of stabbing
 n - 3 potions of brilliance
 E - a potion of ambrosia
Comestibles
 f - 12 rations


   Skills:
 + Level 3.7 Fighting
 - Level 1.0 Short Blades
 + Level 4.2 Dodging
 + Level 10.6 Stealth
 * Level 8.3 Unarmed Combat
 - Level 3.2 Evocations


You had 8 spell levels left.
You didn't know any spells.
Your spell library contained the following spells:

 Spells                   Type           Power        Failure   Level  Hunger
 Shock                    Conj/Air       #...         17%         1    ##.....
 Swiftness                Chrm/Air       #.......     26%         2    ###....
 Static Discharge         Conj/Air       #.......     45%         3    ####...
 Airstrike                Air            #.........   86%         4    #####..
 Lightning Bolt           Conj/Air       #.........   99%         5    ######.


Dungeon Overview and Level Annotations

Branches:
Dungeon (8/15)             Temple (0/1) D:7
   Lair: D:8-11

Altars:
Ashenzari
Cheibriados
Fedhas
Hepliaklqana
Wu Jian


Innate Abilities, Weirdness & Mutations

You cannot wear most types of armour.
You are very stealthy in the water. (Stealth+)
You are amphibious.
You can wear up to eight rings at the same time.
You can use your tentacles to constrict eight enemies at once.
Your skin changes colour to match your surroundings (Stealth+).
Your rubbery body absorbs attacks. (AC +1, EV +1)


Message History

You barely miss the hornet. Your grab misses the hornet.
Your squeeze misses the hornet.
The hornet is lightly wounded.
The hornet stings you!
You feel yourself slow down.
Evoke which item? (* to show all) (? for menu, Esc to quit)
Aiming: Cloud Cone
Press: ? - help, Dir - move target cursor, f - hornet
Aim: a hornet (lightly wounded)
You create a blast of poison gas!
You feel yourself speed up.
The hornet is engulfed in poison gas.
The hornet is poisoned.
The hornet stings you!
* * * LOW HITPOINT WARNING * * *
You feel yourself slow down.
The hornet is engulfed in poison gas.
The hornet looks even sicker.
The hornet barely misses you.
You feel better.
The hornet is engulfed in poison gas.
The hornet looks even sicker.
The hornet misses you.
The hornet is engulfed in poison gas.
The hornet looks as sick as possible!
The hornet stings you!
You die...

#..
###...### #
#.#
###...### #
#.###...###
# #.#...###
# #...### #
#.### # #.#
# #.###
#.@y#
#.#.§§#
#.###.§.#
#.# #...
... #. .##
#. #.


You could see a hornet.

Vanquished Creatures
  3 hungry ghosts (D:7)
  A water moccasin (D:7)
  Menkaure (D:7)
  2 orc warriors
  A black bear (D:7)
  A necrophage (D:7)
  2 ogres (D:6)
  A centaur (D:7)
  A big kobold (D:7)
  3 bullfrogs
  A scorpion (D:6)
  4 wights (D:6)
  A crimson imp (D:7)
  A centaur zombie (D:7)
  A bullfrog zombie (D:6)
  A quasit (D:6)
  2 centaur skeletons
  A bullfrog skeleton (D:8)
  3 hounds
  An orc priest (D:6)
  A jelly (D:5)
  An orc wizard (D:7)
  Jessica (D:2)
  2 iguanas
  2 worker ants
  A killer bee zombie (D:6)
  2 hound zombies (D:6)
  3 adders
  3 gnolls (D:3)
  2 adder skeletons
  A worm (D:2)
  A dart slug (D:2)
  4 leopard geckos
  10 orcs
  3 ball pythons
  7 giant cockroaches
  6 goblins
  A hobgoblin (D:1)
  11 jackals
  11 kobolds
  2 quokkas (D:2)
  7 bats
  5 frilled lizards
  A giant cockroach zombie (D:6)
  A jackal skeleton (D:4)
  A leopard gecko skeleton (D:4)
  7 rats
129 creatures vanquished.

Vanquished Creatures (collateral kills)
  A leopard gecko (D:3)
  A hobgoblin (D:3)
  4 frilled lizards (D:2)
6 creatures vanquished.

Vanquished Creatures (others)
  A wight (D:6)
1 creature vanquished.

Grand Total: 136 creatures vanquished

Notes
Turn   | Place    | Note
-------+----------+-------------------------------------------
     0 | D:1      | Maedhros the Octopode Artificer began the quest for the
                  | Orb.
     0 | D:1      | Reached XP level 1. HP: 13/13 MP: 3/3
    96 | D:2      | Reached skill level 2 in Stealth
   103 | D:2      | Reached skill level 1 in Unarmed Combat
   103 | D:2      | Reached XP level 2. HP: 12/18 MP: 4/4
   134 | D:2      | Noticed Jessica
   139 | D:2      | Killed Jessica
   139 | D:2      | Reached skill level 3 in Stealth
   139 | D:2      | Reached XP level 3. HP: 16/23 MP: 5/5
   195 | D:4      | Noticed a bullfrog
   198 | D:4      | Killed a bullfrog
   198 | D:4      | Reached skill level 4 in Stealth
   198 | D:4      | Reached XP level 4. HP: 23/28 MP: 6/6
   251 | D:4      | Reached skill level 5 in Stealth
   251 | D:4      | Reached XP level 5. HP: 23/33 MP: 7/7
   314 | D:4      | Found a shattered altar of Ashenzari.
   316 | D:4      | Found a hazy altar of Hepliaklqana.
   316 | D:4      | Found a snail-covered altar of Cheibriados.
   324 | D:4      | Became a worshipper of Cheibriados the Contemplative
   569 | D:2      | Reached * piety under Cheibriados
   823 | D:1      | Reached XP level 6. HP: 22/38 MP: 8/8
  1165 | D:3      | Reached skill level 6 in Stealth
  1178 | D:3      | Reached ** piety under Cheibriados
  1526 | D:4      | Found a blossoming altar of Fedhas.
  1650 | D:5      | Entered Level 5 of the Dungeon
  2027 | D:4      | Found an ornate altar of the Wu Jian Council.
  2121 | D:6      | Reached skill level 7 in Stealth
  2142 | D:6      | Reached XP level 7. HP: 32/43 MP: 9/9
  2160 | D:6      | Reached skill level 5 in Unarmed Combat
  2353 | D:6      | Reached *** piety under Cheibriados
  2396 | D:6      | Reached skill level 8 in Stealth
  2471 | D:7      | Noticed a hungry ghost
  2490 | D:7      | Killed a hungry ghost
  2742 | D:7      | Reached skill level 9 in Stealth
  2742 | D:7      | Reached XP level 8. HP: 43/48 MP: 10/10
  2757 | D:7      | Noticed Menkaure
  2761 | D:7      | Killed Menkaure
  3159 | D:7      | Reached skill level 10 in Stealth
  3186 | D:7      | Found a staircase to the Ecumenical Temple.
  3213 | D:7      | Reached XP level 9. HP: 38/55 MP: 11/11
  3480 | D:6      | Reached **** piety under Cheibriados
  3768 | D:8      | Noticed a hornet
  3771 | D:8      | Paralysed by a hornet for 1 turns
  3776 | D:8      | Slain by a hornet

Levels and vault maps discovered:
D:1:      lemuel_arrival_rhombus, layout_loops_ring
D:2:      wander_river, layout_basic, minmay_lizard_pond, uniq_jessica
D:3:      layout_rooms, grunt_temple_overflow_lords_of_destruction
D:4:      layout_rooms, fedhas_altar_2, nicolae_overflow_hidden_temple,
          chequers_temple_overflow_statue_of_worship
D:5:      layout_basic, first_ration
D:6:      layout_loops_cross
D:7:      layout_cave_pods, minmay_temple_entry_mist, uniq_menkaure,
          uniq_crazy_yiuf_cottage
D:8:      layout_basic, nicolae_benzene_ring, uniq_maurice

Skill      XL: |  1  2  3  4  5  6  7  8  9 |
---------------+----------------------------+-----
Stealth        | 2 3 4 5 7 9 10 | 10.6
Unarmed Combat | 1 2 3 4 6 7 8 |  8.3
Fighting       | 2 3 |  3.7
Dodging        | 3 4 |  4.2
Short Blades   | |  1.0
Evocations     | |  3.2

Action                   |  1- 3 |  4- 6 |  7- 9 || total
-------------------------+-------+-------+-------++-------
Melee: Spear             |    24 |   158 |   131 ||   313
       Constrict         |     6 |    43 |    25 ||    74
       Short sword       |     2 |       |       ||     2
       Tentacles         |     2 |    33 |    42 ||    77
       Punch             |       |       |     8 ||     8
       Unarmed           |       |       |    33 ||    33
Evoke: Wand              |       |    21 |    13 ||    34
  Use: Scroll            |       |    11 |     5 ||    16
       Potion            |       |     5 |     6 ||    11
 Stab: Sleeping          |     2 |    12 |     9 ||    23
       Distracted        |       |     1 |     1 ||     2
       Confused          |       |       |     1 ||     1
  Eat: Chunk             |       |     1 |       ||     1
       Ration            |       |       |     3 ||     3
Armor: Skin              |       |    34 |    36 ||    70
Dodge: Dodged            |    14 |   109 |    99 ||   222

Table legend:
 A = Non-vault XP
 B = Vault XP
 C = Vault XP percentage of total XP
 D = Non-vault monster count
 E = Vault monster count
 F = Vault count percentage of total count
                 A         B        C        D         E       F
            +---------+---------+-------+---------+---------+-------
      Total |    3259 |     201 |   5.8 |     126 |       9 |   6.7
            +---------+---------+-------+---------+---------+-------
        D:1 |      23 |       0 |   0.0 |      14 |       0 |   0.0
        D:2 |      39 |      44 |  53.0 |      16 |       8 |  33.3
        D:3 |      80 |       0 |   0.0 |      25 |       0 |   0.0
        D:4 |     276 |       0 |   0.0 |      15 |       0 |   0.0
        D:5 |      46 |       0 |   0.0 |       3 |       0 |   0.0
        D:6 |    1028 |       0 |   0.0 |      23 |       0 |   0.0
        D:7 |    1717 |     157 |   8.4 |      25 |       1 |   3.8
        D:8 |      50 |       0 |   0.0 |       5 |       0 |   0.0
            +---------+---------+-------+---------+---------+-------
